| TOP OF THE 1ST |
|
Hagerstown Suns batting - Pitching for Binghamton Mets : RHP Todd Cox
|
|
Pitching: RHP Todd Cox
|
|
|
Batting: RHB Taffounnout Kame
|
0-0: Ball 1-0: Called Strike 1-1: Ball 2-1: Swinging Strike 2-2: Strikes out swinging
|
|
Batting: RHB Aaron Bateman
|
0-0: Called Strike 0-1: Foul Ball, location: 2F 0-2: Ground out 1-3 (Groundball, 13, EV 61.9 MPH)
|
|
Batting: RHB Pat Scaturro
|
0-0: Swinging Strike 0-1: Ball 1-1: Ball 2-1: Ball 3-1: Base on Balls
|
|
Batting: RHB Xavier Reeves
|
0-0: Ball 1-0: Ball 2-0: Called Strike 2-1: DOUBLE (Groundball, 5L, EV 105.0 MPH) Pat Scaturro to third Runner from 3rd tries for Home, SAFE, no throw by LF
|
|
Batting: LHB Diego Gutierres
|
0-0: Foul Ball, location: 2F 0-1: Swinging Strike 0-2: Ground out 3-1 (Groundball, 34S, EV 76.9 MPH)
|
| Top of the 1st over - 1 run, 1 hit, 0 errors, 1 left on base; Hagerstown 1 - Binghamton 0 |
| BOTTOM OF THE 1ST |
|
Binghamton Mets batting - Pitching for Hagerstown Suns : RHP Jayden Taylor
|
|
Pitching: RHP Jayden Taylor
|
|
|
Batting: RHB Enrique Aguirre
|
0-0: Swinging Strike 0-1: Called Strike 0-2: Ball 1-2: Foul Ball, location: 2F 1-2: Fly out, F6 (Popup, 4MS, EV 79.4 MPH)
|
|
Batting: SHB Nick Daigle
|
0-0: Called Strike 0-1: Ball 1-1: Ball 2-1: Ball 3-1: Base on Balls
|
|
Batting: SHB Tyler Maddux
|
0-0: SINGLE (Groundball, 4MD, EV 96.9 MPH) Nick Daigle to second
|
|
Batting: RHB Oscar Bravo
|
0-0: Called Strike 0-1: Ball 1-1: Ball 2-1: Fielders Choice at 2nd, 3-6 (Groundball, 3, EV 103.8 MPH) Nick Daigle to third
|
|
Batting: SHB Keith Casner
|
0-0: Called Strike 0-1: Ball Oscar Bravo is caught stealing 2nd base 2-6
|
| Bottom of the 1st over - 0 runs, 1 hit, 0 errors, 1 left on base; Hagerstown 1 - Binghamton 0 |
| TOP OF THE 2ND |
|
Hagerstown Suns batting - Pitching for Binghamton Mets : RHP Todd Cox
|
|
Batting: SHB Fernando Fundora
|
0-0: Ball 1-0: Foul Ball, location: 2F 1-1: Swinging Strike 1-2: Foul Ball, location: 2F 1-2: Foul Ball, location: 2F 1-2: Fly out, F7 (Flyball, 7, EV 78.8 MPH)
|
|
Batting: RHB Luis Vargas
|
0-0: Called Strike 0-1: Foul Ball, location: 2F 0-2: Fly out, F3 (Popup, 3F, EV 57.5 MPH)
|
|
Batting: RHB Joe Simmelink
|
0-0: Ground out 6-3 (Groundball, 6, EV 94.4 MPH)
|
| Top of the 2nd over - 0 runs, 0 hits, 0 errors, 0 left on base; Hagerstown 1 - Binghamton 0 |
| BOTTOM OF THE 2ND |
|
Binghamton Mets batting - Pitching for Hagerstown Suns : RHP Jayden Taylor
|
|
Batting: SHB Keith Casner
|
0-0: Foul Ball, location: 2F 0-1: Called Strike 0-2: Ball 1-2: Ground out U3 (Groundball, 34, EV 83.8 MPH)
|
|
Batting: RHB Jake Geib
|
0-0: Ball 1-0: Ball 2-0: Called Strike 2-1: Foul Ball, location: 2F 2-2: Foul Ball, location: 2F 2-2: Foul Ball, location: 2F 2-2: Strikes out swinging
|
|
Batting: RHB Sam Callahan
|
0-0: Ground out 5-3 (Groundball, 56, EV 107.5 MPH)
|
| Bottom of the 2nd over - 0 runs, 0 hits, 0 errors, 0 left on base; Hagerstown 1 - Binghamton 0 |
| TOP OF THE 3RD |
|
Hagerstown Suns batting - Pitching for Binghamton Mets : RHP Todd Cox
|
|
Batting: RHB Chad Madsen
|
0-0: SOLO HOME RUN (Flyball, 89XD, EV 100.0 MPH), Distance : 389 ft
|
|
Batting: RHB Taffounnout Kame
|
0-0: Called Strike 0-1: Called Strike 0-2: Foul Ball, location: 2F 0-2: Ball 1-2: Ground out 6-3 (Groundball, 56, EV 95.6 MPH)
|
|
Batting: RHB Aaron Bateman
|
0-0: Ball 1-0: Ball 2-0: Ball 3-0: Base on Balls
|
|
Batting: RHB Pat Scaturro
|
0-0: Ball Aaron Bateman is caught stealing 2nd base 2-4 1-0: DOUBLE (Line Drive, 7LM, EV 86.2 MPH)
|
|
Batting: RHB Xavier Reeves
|
0-0: Ball 1-0: Called Strike 1-1: Ball 2-1: Ball 3-1: SINGLE (Line Drive, 8RS, EV 96.2 MPH) Pat Scaturro to third
|
|
Batting: LHB Diego Gutierres
|
0-0: Ground out 4-3 (Groundball, 4, EV 91.9 MPH)
|
| Top of the 3rd over - 1 run, 3 hits, 0 errors, 2 left on base; Hagerstown 2 - Binghamton 0 |
| BOTTOM OF THE 3RD |
|
Binghamton Mets batting - Pitching for Hagerstown Suns : RHP Jayden Taylor
|
|
Batting: RHB Roberto Delgado
|
0-0: Foul Ball, location: 2F 0-1: Ground out 5-3 (Groundball, 56S, EV 87.5 MPH)
|
|
Batting: RHB Reginald McDougall
|
0-0: Called Strike 0-1: Swinging Strike 0-2: Ball 1-2: Ball 2-2: Ball 3-2: Ground out U3 (Groundball, 34, EV 85.6 MPH)
|
|
Batting: RHB Enrique Aguirre
|
0-0: Called Strike 0-1: Called Strike 0-2: Ball 1-2: Ground out 4-3 (Groundball, 34, EV 106.2 MPH)
|
| Bottom of the 3rd over - 0 runs, 0 hits, 0 errors, 0 left on base; Hagerstown 2 - Binghamton 0 |
| TOP OF THE 4TH |
|
Hagerstown Suns batting - Pitching for Binghamton Mets : RHP Todd Cox
|
|
Batting: SHB Fernando Fundora
|
0-0: Ball 1-0: Ground out 4-3 (Groundball, 4, EV 90.0 MPH)
|
|
Batting: RHB Luis Vargas
|
0-0: Ball 1-0: Ground out 6-3 (Groundball, 6, EV 85.0 MPH)
|
|
Batting: RHB Joe Simmelink
|
0-0: SINGLE (Groundball, 5D, EV 105.6 MPH)
|
|
Batting: RHB Chad Madsen
|
0-0: Ball 1-0: Called Strike 1-1: Ball 2-1: Ball 3-1: Ground out 4-3 (Groundball, 4, EV 103.1 MPH)
|
| Top of the 4th over - 0 runs, 1 hit, 0 errors, 1 left on base; Hagerstown 2 - Binghamton 0 |
| BOTTOM OF THE 4TH |
|
Binghamton Mets batting - Pitching for Hagerstown Suns : RHP Jayden Taylor
|
|
Batting: SHB Nick Daigle
|
0-0: Called Strike 0-1: Foul Ball, location: 2F 0-2: Ball 1-2: Ball 2-2: Strikes out swinging
|
|
Batting: SHB Tyler Maddux
|
0-0: Foul Ball, location: 2F 0-1: Swinging Strike 0-2: Strikes out swinging
|
|
Batting: RHB Oscar Bravo
|
0-0: Called Strike 0-1: Called Strike 0-2: DOUBLE (Flyball, 8LXD, EV 101.9 MPH)
|
|
Batting: SHB Keith Casner
|
0-0: Ground out 3-1 (Groundball, 34, EV 83.8 MPH)
|
| Bottom of the 4th over - 0 runs, 1 hit, 0 errors, 1 left on base; Hagerstown 2 - Binghamton 0 |
| TOP OF THE 5TH |
|
Hagerstown Suns batting - Pitching for Binghamton Mets : RHP Todd Cox
|
|
Batting: RHB Taffounnout Kame
|
0-0: Called Strike 0-1: Ball 1-1: Foul Ball, location: 2F 1-2: Ball 2-2: DOUBLE (Line Drive, 7LM, EV 106.2 MPH)
|
|
Batting: RHB Aaron Bateman
|
0-0: Ball 1-0: Foul Ball, location: 2F 1-1: Fly out, F9 (Line Drive, 9S, EV 86.9 MPH)
|
|
Batting: RHB Pat Scaturro
|
0-0: Called Strike 0-1: Foul Ball, location: 2F 0-2: Ball 1-2: Foul Ball, location: 2F 1-2: Ground out 5-3 (Groundball, 56S, EV 91.2 MPH)
|
|
Batting: RHB Xavier Reeves
|
0-0: Swinging Strike 0-1: Called Strike 0-2: Ground out 5-3 (Groundball, 56S, EV 78.1 MPH)
|
| Top of the 5th over - 0 runs, 1 hit, 0 errors, 1 left on base; Hagerstown 2 - Binghamton 0 |
| BOTTOM OF THE 5TH |
|
Binghamton Mets batting - Pitching for Hagerstown Suns : RHP Jayden Taylor
|
|
Batting: RHB Jake Geib
|
0-0: Foul Ball, location: 2F 0-1: Called Strike 0-2: Ball 1-2: Foul Ball, location: 2F 1-2: Foul Ball, location: 2F 1-2: Foul Ball, location: 2F 1-2: Ball 2-2: Fly out, F7 (Flyball, 7, EV 78.1 MPH)
|
|
Batting: RHB Sam Callahan
|
0-0: Called Strike 0-1: Ball 1-1: Ball 2-1: Fly out, F3 (Popup, 3SF, EV 71.9 MPH)
|
|
Batting: RHB Roberto Delgado
|
0-0: Ball 1-0: Ball 2-0: SINGLE (Groundball, 6MD, EV 103.1 MPH)
|
|
Batting: RHB Reginald McDougall
|
0-0: Called Strike 0-1: Foul Ball, location: 2F 0-2: Ball 1-2: Ball 2-2: Foul Ball, location: 2F 2-2: Ball 3-2: Foul Ball, location: 2F 3-2: Fly out, F7 (Flyball, 7S, EV 91.2 MPH)
|
| Bottom of the 5th over - 0 runs, 1 hit, 0 errors, 1 left on base; Hagerstown 2 - Binghamton 0 |
| TOP OF THE 6TH |
|
Hagerstown Suns batting - Pitching for Binghamton Mets : RHP Todd Cox
|
|
Batting: LHB Diego Gutierres
|
0-0: Called Strike 0-1: Called Strike 0-2: Strikes out looking
|
|
Batting: SHB Fernando Fundora
|
0-0: Ball 1-0: Swinging Strike 1-1: Foul Ball, location: 2F 1-2: Foul Ball, location: 2F 1-2: Ball 2-2: DOUBLE (Flyball, 78D, EV 101.9 MPH)
|
|
Batting: RHB Luis Vargas
|
0-0: Ball 1-0: 2-RUN HOME RUN (Flyball, 7D, EV 98.1 MPH), Distance : 391 ft
|
|
Pitching: RHP Battista Aldobrandini
|
|
|
Batting: RHB Joe Simmelink
|
0-0: Ball 1-0: Foul Ball, location: 2F 1-1: SINGLE (Groundball, 4M, EV 103.1 MPH) (infield hit)
|
|
Batting: RHB Chad Madsen
|
0-0: Ball 1-0: Called Strike 1-1: Swinging Strike 1-2: Strikes out swinging
|
|
Batting: RHB Taffounnout Kame
|
0-0: Called Strike 0-1: Ball 1-1: Ball 2-1: Ball 3-1: Foul Ball, location: 2F 3-2: Ground out 1-3 (Groundball, 13S, EV 69.4 MPH)
|
| Top of the 6th over - 2 runs, 3 hits, 0 errors, 1 left on base; Hagerstown 4 - Binghamton 0 |
| BOTTOM OF THE 6TH |
|
Binghamton Mets batting - Pitching for Hagerstown Suns : RHP Jayden Taylor
|
|
Batting: RHB Enrique Aguirre
|
0-0: Ball 1-0: Swinging Strike 1-1: Foul Ball, location: 2F 1-2: Foul Ball, location: 2F 1-2: Ground out 4-3 (Groundball, 4, EV 107.5 MPH)
|
|
Batting: SHB Nick Daigle
|
0-0: Ball 1-0: Ground out 4-3 (Groundball, 4, EV 80.6 MPH)
|
|
Batting: SHB Tyler Maddux
|
0-0: Ball 1-0: Swinging Strike 1-1: Called Strike 1-2: Ground out 6-3 (Groundball, 6M, EV 80.0 MPH)
|
| Bottom of the 6th over - 0 runs, 0 hits, 0 errors, 0 left on base; Hagerstown 4 - Binghamton 0 |
| TOP OF THE 7TH |
|
Hagerstown Suns batting - Pitching for Binghamton Mets : RHP Battista Aldobrandini
|
|
Pitching: RHP Felipe Hinojosa
|
|
|
Batting: RHB Aaron Bateman
|
0-0: Ground out 6-3 (Groundball, 6, EV 90.0 MPH)
|
|
Batting: RHB Pat Scaturro
|
0-0: Ball 1-0: Ball 2-0: Foul Ball, location: 2F 2-1: Swinging Strike 2-2: Strikes out swinging
|
|
Batting: RHB Xavier Reeves
|
0-0: DOUBLE (Line Drive, 89M, EV 108.8 MPH)
|
|
Batting: LHB Diego Gutierres
|
0-0: Ball 1-0: Ball 2-0: Ball 3-0: Base on Balls
|
|
Batting: SHB Fernando Fundora
|
0-0: Ball 1-0: Foul Ball, location: 2F 1-1: Foul Ball, location: 2F 1-2: Foul Ball, location: 2F 1-2: Foul Ball, location: 2F 1-2: Fly out, F9 (Flyball, 9, EV 90.6 MPH)
|
| Top of the 7th over - 0 runs, 1 hit, 0 errors, 2 left on base; Hagerstown 4 - Binghamton 0 |
| BOTTOM OF THE 7TH |
|
Binghamton Mets batting - Pitching for Hagerstown Suns : RHP Jayden Taylor
|
|
Pitching: LHP Leo Gutierrez
|
|
|
Batting: RHB Oscar Bravo
|
0-0: Foul Ball, location: 2F 0-1: Swinging Strike 0-2: Ground out 5-3 (Groundball, 56, EV 81.2 MPH)
|
|
Batting: SHB Keith Casner
|
0-0: Ball 1-0: Fly out, F9 (Flyball, 89S, EV 82.5 MPH)
|
|
Batting: RHB Jake Geib
|
0-0: Ball 1-0: Ball 2-0: Foul Ball, location: 2F 2-1: Foul Ball, location: 2F 2-2: Ground out 5-3 (Groundball, 56, EV 83.8 MPH)
|
| Bottom of the 7th over - 0 runs, 0 hits, 0 errors, 0 left on base; Hagerstown 4 - Binghamton 0 |
| TOP OF THE 8TH |
|
Hagerstown Suns batting - Pitching for Binghamton Mets : RHP Felipe Hinojosa
|
|
Batting: RHB Luis Vargas
|
0-0: Called Strike 0-1: Called Strike 0-2: Ball 1-2: Ball 2-2: Foul Ball, location: 2F 2-2: Strikes out swinging, 2-3 out at first.
|
|
Batting: RHB Joe Simmelink
|
0-0: Foul Ball, location: 2F 0-1: Fly out, F8 (Flyball, 8LD, EV 100.0 MPH)
|
|
Batting: RHB Chad Madsen
|
0-0: Ball 1-0: Foul Ball, location: 2F 1-1: Ball 2-1: Ball 3-1: Base on Balls
|
|
Batting: RHB Taffounnout Kame
|
0-0: Called Strike 0-1: Swinging Strike 0-2: Ball 1-2: Strikes out looking
|
| Top of the 8th over - 0 runs, 0 hits, 0 errors, 1 left on base; Hagerstown 4 - Binghamton 0 |
| BOTTOM OF THE 8TH |
|
Binghamton Mets batting - Pitching for Hagerstown Suns : LHP Leo Gutierrez
|
|
Batting: RHB Sam Callahan
|
0-0: Ball 1-0: SINGLE (Line Drive, 7LS, EV 92.5 MPH)
|
|
Batting: RHB Roberto Delgado
|
0-0: Called Strike 0-1: Ball 1-1: Called Strike 1-2: Strikes out looking
|
|
Batting: RHB Reginald McDougall
|
0-0: Ball 1-0: Ball 2-0: Called Strike 2-1: Foul Ball, location: 2F 2-2: Fly out, F9 (Line Drive, 9S, EV 91.9 MPH)
|
|
Batting: RHB Enrique Aguirre
|
0-0: Swinging Strike 0-1: Swinging Strike 0-2: Ball 1-2: Foul Ball, location: 2F 1-2: Fielders Choice at 2nd, 5-4 (Groundball, 56, EV 103.8 MPH)
|
| Bottom of the 8th over - 0 runs, 1 hit, 0 errors, 1 left on base; Hagerstown 4 - Binghamton 0 |
| TOP OF THE 9TH |
|
Hagerstown Suns batting - Pitching for Binghamton Mets : RHP Felipe Hinojosa
|
|
Pitching: RHP Brett Cooke
|
|
|
Batting: RHB Aaron Bateman
|
0-0: Ball 1-0: Ball 2-0: Swinging Strike 2-1: Foul Ball, location: 2F 2-2: SINGLE (Line Drive, 8RS, EV 105.6 MPH)
|
|
Batting: RHB Pat Scaturro
|
0-0: Called Strike 0-1: Foul Ball, location: 2F 0-2: Foul Ball, location: 2F 0-2: Fly out, F8 (Flyball, 8RD, EV 95.6 MPH)
|
|
Batting: RHB Xavier Reeves
|
0-0: Foul Ball, location: 2F 0-1: Ball Aaron Bateman is caught stealing 2nd base 2-4 1-1: Ball 2-1: Ball 3-1: Swinging Strike 3-2: Foul Ball, location: 2F 3-2: Ground out 5-3 (Groundball, 56S, EV 70.0 MPH)
|
| Top of the 9th over - 0 runs, 1 hit, 0 errors, 0 left on base; Hagerstown 4 - Binghamton 0 |
| BOTTOM OF THE 9TH |
|
Binghamton Mets batting - Pitching for Hagerstown Suns : LHP Leo Gutierrez
|
|
Pitching: RHP Jordan Amaker
|
|
|
Batting: SHB Nick Daigle
|
0-0: Ball 1-0: Called Strike 1-1: Ground out 5-3 (Groundball, 56S, EV 81.2 MPH)
|
|
Batting: SHB Tyler Maddux
|
0-0: SINGLE (Groundball, 6D, EV 103.8 MPH)
|
|
Batting: RHB Oscar Bravo
|
0-0: Ball 1-0: Ball 2-0: Called Strike 2-1: Ball 3-1: Called Strike 3-2: Fly out, F8 (Flyball, 8RXD, EV 98.8 MPH)
|
|
Batting: SHB Keith Casner
|
0-0: Called Strike 0-1: Ball 1-1: Ball 2-1: SINGLE (Groundball, 34D, EV 97.5 MPH) Tyler Maddux to second
|
|
Pitching: RHP Chris Doty
|
|
|
Batting: RHB Jake Geib
|
0-0: Swinging Strike 0-1: Ball 1-1: Ball 2-1: Called Strike 2-2: Strikes out looking
|
| Bottom of the 9th over - 0 runs, 2 hits, 0 errors, 2 left on base; Hagerstown 4 - Binghamton 0 |
|